TOP OF THE 1ST |
Spokane Trappers batting - Pitching for Houston Hammertime : RHP Bill Jones
|
Pitching: RHP Bill Jones
|
|
Batting: LHB Henry Leroux
|
0-0: Ball 1-0: Ball 2-0: Ball 3-0: Called Strike 3-1: Ground out U3 (Groundball, 3S)
|
Batting: RHB John Craig
|
0-0: Ground out 4-3 (Groundball, 34)
|
Batting: LHB Colin Ives
|
0-0: Ball 1-0: Swinging Strike 1-1: Foul Ball, location: 2F 1-2: Strikes out looking
|
Top of the 1st over - 0 run(s), 0 hit(s), 0 error(s), 0 left on base; Spokane 0 - Houston 0 |
BOTTOM OF THE 1ST |
Houston Hammertime batting - Pitching for Spokane Trappers : LHP Miguel Martínez
|
Pitching: LHP Miguel Martínez
|
|
Batting: RHB Rafael Torres
|
0-0: Swinging Strike 0-1: Foul Ball, location: 2F 0-2: Ball 1-2: Strikes out swinging
|
Batting: LHB José Villegas
|
0-0: Swinging Strike 0-1: Ball 1-1: Called Strike 1-2: Ball 2-2: Fly out, F9 (Flyball, 89M)
|
Batting: SHB Cristo Ontiveros
|
0-0: Ball 1-0: Ball 2-0: Ball 3-0: Base on Balls
|
Batting: RHB Mario Beltrán
|
0-0: Ball 1-0: Ball 2-0: Ball 3-0: Called Strike 3-1: Base on Balls Cristo Ontiveros to second
|
Batting: RHB John Pick
|
0-0: SINGLE (Line Drive, 89S) Cristo Ontiveros to third Mario Beltrán to second Runner from 3rd tries for Home, throw and OUT!
|
Bottom of the 1st over - 0 run(s), 1 hit(s), 0 error(s), 2 left on base; Spokane 0 - Houston 0 |
TOP OF THE 2ND |
Spokane Trappers batting - Pitching for Houston Hammertime : RHP Bill Jones
|
Batting: SHB Esteban Silva
|
0-0: SINGLE (Groundball, 13) (infield hit)
|
Batting: RHB Ramiro Ross
|
0-0: Ball 1-0: Grounds into double play, 5-4-3 (Groundball, 56)
|
Batting: LHB Pete Carter
|
0-0: Ball 1-0: SINGLE (Flyball, 8RS)
|
Batting: RHB Guy Miller
|
0-0: Called Strike 0-1: SINGLE (Flyball, 8LS) Pete Carter to second
|
Batting: RHB Carmelo Hernández
|
0-0: Foul Ball, location: 2F 0-1: DOUBLE (Line Drive, 9LD) Pete Carter scores Guy Miller to third Runner from 3rd tries for Home, SAFE, throw made at trailing runner, OUT at third!
|
Top of the 2nd over - 2 run(s), 4 hit(s), 0 error(s), 0 left on base; Spokane 2 - Houston 0 |
BOTTOM OF THE 2ND |
Houston Hammertime batting - Pitching for Spokane Trappers : LHP Miguel Martínez
|
Batting: RHB Santo Cruz
|
0-0: Ground out 1-3 (Groundball, 13)
|
Batting: RHB Luis Barzaga
|
0-0: Called Strike 0-1: Ball 1-1: Foul Ball, location: 2F 1-2: Foul Ball, location: 2F 1-2: Ball 2-2: Foul Ball, location: 2F 2-2: Ground out 6-3 (Groundball, 6)
|
Batting: RHB Robert Powell
|
0-0: Ball 1-0: Ball 2-0: DOUBLE (Flyball, 9M)
|
Batting: LHB Fernando Camacho
|
0-0: Ball 1-0: Swinging Strike 1-1: Foul Ball, location: 2F 1-2: Ball 2-2: Ball 3-2: Foul Ball, location: 2F 3-2: Base on Balls
|
Batting: RHB Rafael Torres
|
0-0: Ball 1-0: SINGLE (Line Drive, 4M) Robert Powell to third Fernando Camacho to second Runner from 3rd tries for Home, SAFE, no throw or cutoff
|
Batting: LHB José Villegas
|
0-0: Ball 1-0: Ground out 4-3 (Groundball, 4)
|
Bottom of the 2nd over - 1 run(s), 2 hit(s), 0 error(s), 2 left on base; Spokane 2 - Houston 1 |
TOP OF THE 3RD |
Spokane Trappers batting - Pitching for Houston Hammertime : RHP Bill Jones
|
Batting: RHB Todd Rockburn
|
0-0: Called Strike 0-1: Swinging Strike 0-2: Foul Ball, location: 2F 0-2: Strikes out looking
|
Batting: LHB Henry Leroux
|
0-0: Ball 1-0: Reached on error, E3 (Groundball, 3)
|
Batting: RHB John Craig
|
0-0: Ball 1-0: Ball 2-0: Ball 3-0: Base on Balls
|
Batting: LHB Colin Ives
|
0-0: Called Strike 0-1: Called Strike 0-2: Foul Ball, location: 2F 0-2: DOUBLE (Line Drive, 7LM) Henry Leroux scores John Craig to third
|
Batting: SHB Esteban Silva
|
0-0: Ball 1-0: Swinging Strike 1-1: Swinging Strike 1-2: Foul Ball, location: 2F 1-2: Ball 2-2: DOUBLE (Flyball, 7LS) John Craig scores Colin Ives scores
|
Batting: RHB Ramiro Ross
|
0-0: Ball 1-0: Ball 2-0: Foul Ball, location: 2F 2-1: Ball 3-1: Called Strike 3-2: Base on Balls
|
Batting: LHB Pete Carter
|
0-0: Swinging Strike Reached via error on a dropped throw, E6 Esteban Silva to third Ramiro Ross to second
|
Batting: RHB Guy Miller
|
0-0: Swinging Strike 0-1: Ball 1-1: Called Strike 1-2: Ball 2-2: Strikes out looking
|
Batting: RHB Carmelo Hernández
|
0-0: Called Strike 0-1: Called Strike 0-2: Ball 1-2: Strikes out swinging
|
Top of the 3rd over - 3 run(s), 2 hit(s), 2 error(s), 3 left on base; Spokane 5 - Houston 1 |
BOTTOM OF THE 3RD |
Houston Hammertime batting - Pitching for Spokane Trappers : LHP Miguel Martínez
|
Batting: SHB Cristo Ontiveros
|
0-0: Ball 1-0: Swinging Strike 1-1: Ball 2-1: Swinging Strike 2-2: Fly out, F8 (Flyball, 8LXD)
|
Batting: RHB Mario Beltrán
|
0-0: Called Strike 0-1: Fly out, F6 (Line Drive, 6)
|
Batting: RHB John Pick
|
0-0: Called Strike 0-1: Ball 1-1: Ground out 6-3 (Groundball, 6M)
|
Bottom of the 3rd over - 0 run(s), 0 hit(s), 0 error(s), 0 left on base; Spokane 5 - Houston 1 |
TOP OF THE 4TH |
Spokane Trappers batting - Pitching for Houston Hammertime : RHP Bill Jones
|
Batting: RHB Todd Rockburn
|
0-0: Ball 1-0: SINGLE (Flyball, 7S)
|
Batting: LHB Henry Leroux
|
0-0: Called Strike 0-1: Ball 1-1: Ball 2-1: Ball 3-1: Called Strike 3-2: Foul Ball, location: 2F 3-2: Strikes out swinging
|
Batting: RHB John Craig
|
0-0: Ball 1-0: Swinging Strike 1-1: Called Strike 1-2: Fly out, F9 (Flyball, 9M)
|
Batting: LHB Colin Ives
|
0-0: Ground out U3 (Groundball, 3L)
|
Top of the 4th over - 0 run(s), 1 hit(s), 0 error(s), 1 left on base; Spokane 5 - Houston 1 |
BOTTOM OF THE 4TH |
Houston Hammertime batting - Pitching for Spokane Trappers : LHP Miguel Martínez
|
Batting: RHB Santo Cruz
|
0-0: Foul Ball, location: 2F 0-1: Ball 1-1: Ball 2-1: Ball 3-1: Fly out, F7 (Flyball, 7LMF)
|
Batting: RHB Luis Barzaga
|
0-0: Swinging Strike 0-1: DOUBLE (Line Drive, 78D)
|
Batting: RHB Robert Powell
|
0-0: Foul Ball, location: 2F 0-1: Foul Ball, location: 2F 0-2: Ground out 4-3 (Groundball, 34) Luis Barzaga to third
|
Batting: LHB Fernando Camacho
|
0-0: Ball 1-0: Ball 2-0: Ball 3-0: Called Strike 3-1: Swinging Strike 3-2: Strikes out swinging
|
Bottom of the 4th over - 0 run(s), 1 hit(s), 0 error(s), 1 left on base; Spokane 5 - Houston 1 |
TOP OF THE 5TH |
Spokane Trappers batting - Pitching for Houston Hammertime : RHP Bill Jones
|
Batting: SHB Esteban Silva
|
0-0: Swinging Strike 0-1: Called Strike 0-2: Ball 1-2: Strikes out swinging
|
Batting: RHB Ramiro Ross
|
0-0: Ball 1-0: Ground out 1-3 (Groundball, 13)
|
Batting: LHB Pete Carter
|
0-0: Ball 1-0: Ball 2-0: Ball 3-0: Base on Balls
|
Pitching: RHP António Mata
|
|
Batting: RHB Guy Miller
|
0-0: Ball 1-0: Swinging Strike 1-1: Swinging Strike 1-2: Strikes out swinging
|
Top of the 5th over - 0 run(s), 0 hit(s), 0 error(s), 1 left on base; Spokane 5 - Houston 1 |
BOTTOM OF THE 5TH |
Houston Hammertime batting - Pitching for Spokane Trappers : LHP Miguel Martínez
|
Batting: RHB Rafael Torres
|
0-0: Foul Ball, location: 2F 0-1: Ball 1-1: Swinging Strike 1-2: Ball 2-2: Ground out 6-3 (Groundball, 6)
|
Batting: LHB José Villegas
|
0-0: Ball 1-0: Ball 2-0: Ball 3-0: Base on Balls
|
Batting: SHB Cristo Ontiveros
|
0-0: Called Strike 0-1: Grounds into double play, 3-6-3 (Groundball, 34)
|
Bottom of the 5th over - 0 run(s), 0 hit(s), 0 error(s), 0 left on base; Spokane 5 - Houston 1 |
TOP OF THE 6TH |
Spokane Trappers batting - Pitching for Houston Hammertime : RHP António Mata
|
Batting: RHB Carmelo Hernández
|
0-0: Ball 1-0: Foul Ball, location: 2F 1-1: Fly out, F4 (Popup, 34D)
|
Batting: RHB Todd Rockburn
|
0-0: Foul Ball, location: 2F 0-1: Foul Ball, location: 2F 0-2: Ground out 6-3 (Groundball, 4MS)
|
Batting: LHB Henry Leroux
|
0-0: SINGLE (Line Drive, 4MD)
|
Batting: RHB John Craig
|
0-0: Foul Ball, location: 2F 0-1: Ball 1-1: SINGLE (Line Drive, 34D) Henry Leroux to second
|
Batting: LHB Colin Ives
|
0-0: SINGLE (Groundball, 3D) Henry Leroux to third John Craig to second Runner from 3rd tries for Home, SAFE, no throw or cutoff
|
Batting: SHB Esteban Silva
|
0-0: Ball 1-0: Ball 2-0: Foul Ball, location: 2F 2-1: Ground out 4-3 (Groundball, 4)
|
Top of the 6th over - 1 run(s), 3 hit(s), 0 error(s), 2 left on base; Spokane 6 - Houston 1 |
BOTTOM OF THE 6TH |
Houston Hammertime batting - Pitching for Spokane Trappers : LHP Miguel Martínez
|
Batting: RHB Mario Beltrán
|
0-0: Foul Ball, location: 2F 0-1: Ball 1-1: Foul Ball, location: 2F 1-2: Ball 2-2: Ball 3-2: Base on Balls
|
Pitching: RHP Dustin Newman
|
|
Batting: RHB John Pick
|
0-0: Foul Ball, location: 2F 0-1: Fly out, F9 (Flyball, 9M)
|
Batting: RHB Santo Cruz
|
0-0: Ball 1-0: Called Strike 1-1: Ball 2-1: Ball 3-1: Called Strike 3-2: 2-RUN HOME RUN (Flyball, 78XD), Distance : 389 ft
|
Batting: RHB Luis Barzaga
|
0-0: Called Strike 0-1: DOUBLE (Flyball, 78XD)
|
Batting: RHB Robert Powell
|
0-0: Called Strike 0-1: Ball Luis Barzaga steals 3rd base 1-1: Ball 2-1: Swinging Strike 2-2: Foul Ball, location: 2F 2-2: Ball 3-2: Base on Balls
|
Batting: LHB Fernando Camacho
|
0-0: Ball 1-0: Ball 2-0: Ball 3-0: Base on Balls Robert Powell to second
|
Batting: RHB Rafael Torres
|
0-0: Ball 1-0: Fly out, F8 (Flyball, 78M)
|
Batting: LHB José Villegas
|
0-0: Ground out U3 (Groundball, 3S)
|
Bottom of the 6th over - 2 run(s), 2 hit(s), 0 error(s), 3 left on base; Spokane 6 - Houston 3 |
TOP OF THE 7TH |
Spokane Trappers batting - Pitching for Houston Hammertime : RHP António Mata
|
Batting: RHB Ramiro Ross
|
0-0: Called Strike 0-1: Fly out, F7 (Flyball, 78D)
|
Batting: LHB Pete Carter
|
0-0: Ball 1-0: Called Strike 1-1: Called Strike 1-2: Ball 2-2: Ball 3-2: Strikes out swinging
|
Batting: RHB Guy Miller
|
0-0: Ball 1-0: Called Strike 1-1: SINGLE (Groundball, 56D)
|
Batting: RHB Carmelo Hernández
|
0-0: Called Strike 0-1: Called Strike 0-2: Ball 1-2: Foul Ball, location: 2F 1-2: Ball 2-2: Ball 3-2: Strikes out swinging
|
Top of the 7th over - 0 run(s), 1 hit(s), 0 error(s), 1 left on base; Spokane 6 - Houston 3 |
BOTTOM OF THE 7TH |
Houston Hammertime batting - Pitching for Spokane Trappers : RHP Dustin Newman
|
Batting: SHB Cristo Ontiveros
|
0-0: Called Strike 0-1: Ball 1-1: Fly out, F7 (Popup, 6D)
|
Batting: RHB Mario Beltrán
|
0-0: Called Strike 0-1: Ball 1-1: Ball 2-1: Ball 3-1: Base on Balls
|
Batting: RHB John Pick
|
0-0: Foul Ball, location: 2F 0-1: Foul Ball, location: 2F 0-2: Ball 1-2: 2-RUN HOME RUN (Flyball, 7LD), Distance : 342 ft
|
Pitching: RHP José Navarro
|
|
Batting: RHB Santo Cruz
|
0-0: Ball 1-0: Ground out 6-3 (Groundball, 6)
|
Batting: RHB Luis Barzaga
|
0-0: Foul Ball, location: 2F 0-1: Swinging Strike 0-2: Ball 1-2: Ground out 5-3 (Groundball, 56)
|
Bottom of the 7th over - 2 run(s), 1 hit(s), 0 error(s), 0 left on base; Spokane 6 - Houston 5 |
TOP OF THE 8TH |
Spokane Trappers batting - Pitching for Houston Hammertime : RHP António Mata
|
Pitching: RHP Daniel Félix
|
|
Batting: RHB Todd Rockburn
|
0-0: Swinging Strike 0-1: Ball 1-1: Called Strike 1-2: Strikes out looking
|
Batting: LHB Henry Leroux
|
0-0: Ball 1-0: Foul Ball, location: 2F 1-1: Foul Ball, location: 2F 1-2: SINGLE (Line Drive, 6D)
|
Pinch Hitting: LHB José Feliciano
|
0-0: Called Strike 0-1: Called Strike Henry Leroux steals 2nd base 0-2: Ball 1-2: Foul Ball, location: 2F 1-2: Foul Ball, location: 2F 1-2: SINGLE (Groundball, 4MD) Henry Leroux to third Runner from 3rd tries for Home, SAFE, no throw or cutoff
|
Batting: LHB Colin Ives
|
0-0: SINGLE (Groundball, 15) (infield hit) José Feliciano to second
|
Batting: SHB Esteban Silva
|
0-0: Ball 1-0: DOUBLE (Line Drive, 9LS) José Feliciano scores Colin Ives to third
|
Batting: RHB Ramiro Ross
|
0-0: Fly out, F6 (Popup, 6)
|
Batting: LHB Pete Carter
|
0-0: Ball 1-0: Ball 2-0: Called Strike 2-1: Fly out, F7 (Line Drive, 7S)
|
Top of the 8th over - 2 run(s), 4 hit(s), 0 error(s), 2 left on base; Spokane 8 - Houston 5 |
BOTTOM OF THE 8TH |
Houston Hammertime batting - Pitching for Spokane Trappers : RHP José Navarro
|
Now at 2B: Jaime Padilla
|
|
Batting: RHB Robert Powell
|
0-0: Ball 1-0: Foul Ball, location: 2F 1-1: Swinging Strike 1-2: Foul Ball, location: 2F 1-2: Foul Ball, location: 2F 1-2: Fly out, F6 (Popup, 6MD)
|
Batting: LHB Fernando Camacho
|
0-0: Swinging Strike 0-1: Swinging Strike 0-2: Strikes out looking
|
Batting: RHB Rafael Torres
|
0-0: SINGLE (Groundball, 56D)
|
Pitching: LHP Martin Lowry
|
|
Batting: LHB José Villegas
|
0-0: Ground out U3 (Groundball, 3L)
|
Bottom of the 8th over - 0 run(s), 1 hit(s), 0 error(s), 1 left on base; Spokane 8 - Houston 5 |
TOP OF THE 9TH |
Spokane Trappers batting - Pitching for Houston Hammertime : RHP Daniel Félix
|
Batting: RHB Guy Miller
|
0-0: Called Strike 0-1: Ball 1-1: Ball 2-1: Fly out, F8 (Flyball, 8RM)
|
Batting: RHB Carmelo Hernández
|
0-0: Called Strike 0-1: Ball 1-1: Swinging Strike 1-2: Ball 2-2: Strikes out swinging
|
Batting: RHB Todd Rockburn
|
0-0: Called Strike 0-1: Foul Ball, location: 2F 0-2: Strikes out swinging
|
Top of the 9th over - 0 run(s), 0 hit(s), 0 error(s), 0 left on base; Spokane 8 - Houston 5 |
BOTTOM OF THE 9TH |
Houston Hammertime batting - Pitching for Spokane Trappers : LHP Martin Lowry
|
Pitching: RHP Mike Pierce
|
|
Now at C: John Summers
|
|
Batting: SHB Cristo Ontiveros
|
0-0: Ball 1-0: Foul Ball, location: 2F 1-1: Called Strike 1-2: Ball 2-2: Foul Ball, location: 2F 2-2: Ball 3-2: Ground out 1-3 (Groundball, 13)
|
Batting: RHB Mario Beltrán
|
0-0: Ball 1-0: Ball 2-0: Ball 3-0: Called Strike 3-1: Base on Balls
|
Batting: RHB John Pick
|
0-0: Ball 1-0: Ball 2-0: Called Strike 2-1: Swinging Strike 2-2: Strikes out swinging
|
Batting: RHB Santo Cruz
|
0-0: Ball 1-0: Foul Ball, location: 2F 1-1: Ball 2-1: Ground out 6-3 (Groundball, 6)
|
Bottom of the 9th over - 0 run(s), 0 hit(s), 0 error(s), 1 left on base; Spokane 8 - Houston 5 |
|